 Dungeon Crawl Stone Soup version 0.18-a0-30-g52c0daa (webtiles) character file.

17550 Geeful the Grappler (level 12, -4/95 HPs)
             Began as a Demonspawn Wanderer on Nov 4, 2015.
             Drowned by a water elemental (9 damage)
             ... on level 12 of the Dungeon.
             The game lasted 01:11:05 (11914 turns).

Geeful the Grappler (Demonspawn Wanderer)          Turns: 11914, Time: 01:11:05

Health: -4/95      AC: 20    Str: 19    XL:     12   Next: 19%
Magic:  13/13      EV: 11    Int: 15    God:
Gold:   491        SH:  0    Dex: 14    Spells: 0 memorised, 13 levels left

rFire  . . .     SeeInvis +       - Unarmed
rCold  + . .     Clarity  +     L - +1 chain mail {rC+}
rNeg   . . .     SustAt   .     (no shield)
rPois  +         Gourm    .     (helmet restricted)
rElec  .         Spirit   .     s - +0 cloak
rCorr  .         Warding  .     i - +1 pair of gloves {Dex+3}
rMut   .         Stasis   .     D - +0 pair of boots "Jefal" {Regen+ Str+3 Int+2 Dex-4}
MR     .....                    w - amulet of clarity
Stlth  ..........               f - ring of see invisible
                                l - ring of poison resistance

@: engulfed (cannot breathe), not resistant to hostile enchantments, extremely
unstealthy
A: horns 2, yellow scales 2, demonic guardian 1, powered by death 3
a: no special abilities


You were on level 12 of the Dungeon.
You were not hungry.

You visited 3 branches of the dungeon, and saw 14 of its levels.
You also visited: Ossuary.

You collected 491 gold pieces.

Inventory:

Hand Weapons
 b - a +1 blowgun
Missiles
 c - 21 javelins (quivered)
 B - 14 poisoned needles
 C - 6 curare-tipped needles
Armour
 i - a +1 pair of gloves of dexterity (worn)
 s - a +0 cloak (worn)
 D - the +0 pair of boots "Jefal" (worn) {Regen+ Str+3 Int+2 Dex-4}
   (You found it on level 5 of the Dungeon)

   It affects your strength (+3).
   It affects your intelligence (+2).
   It affects your dexterity (-4).
   It increases your rate of regeneration.
 K - the +1 pair of boots "Otyrayw" {*Drain rElec Str+6}
   (You found it on level 9 of the Dungeon)

   It affects your strength (+6).
   It insulates you from electricity.
   It causes draining when unequipped.
 L - a +1 chain mail of cold resistance (worn)
Jewellery
 f - a ring of see invisible (right hand)
 l - a ring of poison resistance (left hand)
 m - an uncursed ring of teleportation
 o - an uncursed ring of flight
 q - an uncursed ring of protection from magic
 w - an amulet of clarity (around neck)
 x - an uncursed ring of protection from fire
Wands
 t - a wand of frost (12)
 G - a wand of slowing (33)
 P - a wand of disintegration (7)
 Q - a wand of cold (0)
Scrolls
 h - 4 scrolls of identify
 p - a scroll of immolation
 A - a scroll of magic mapping
 F - 2 scrolls of teleportation
 H - a scroll of fog
 I - 2 scrolls of remove curse
 N - a scroll of amnesia
Potions
 a - a potion of cancellation
 j - a potion of brilliance
 k - 4 potions of magic
 u - 4 potions of flight
 v - 3 potions of cure mutation
 z - a potion of curing
Miscellaneous
 d - a plain deck of changes {drawn: 2}
 E - a fan of gales (inert)
Comestibles
 e - 5 bread rations
 g - 3 chunks of flesh
 r - 5 meat rations
 J - 3 fruits
 O - 2 beef jerkies


   Skills:
 + Level 9.3 Fighting
   Level 1.7 Axes
 - Level 1.0 Throwing
 + Level 8.4 Armour
 + Level 8.5 Dodging
   Level 1.0 Shields
 * Level 11.4 Unarmed Combat
 - Level 1.0 Spellcasting
   Level 1.0 Summonings
   Level 1.0 Transmutations


You had 13 spell levels left.
You didn't know any spells.

Dungeon Overview and Level Annotations

Branches:
Dungeon (12/15)            Temple (1/1) D:7            Lair (1/8) D:11
    Orc: D:9-12

Altars:
Ashenzari
Cheibriados
Dithmenos
Elyvilon
Fedhas
Gozag
Kikubaaqudgha
Makhleb
Nemelex Xobeh
Okawaru
Qazlal
Ru
Sif Muna
Trog
Vehumet
Xom
Yredelemnul
Zin
The Shining One

Shops:
D:7 [


Innate Abilities, Weirdness & Mutations

You have a pair of horns on your head.
You are mostly covered in yellow scales (AC +3).
A weak demonic guardian rushes to your aid.
You regenerate a lot of health from kills.


Message History

You hit the water elemental.
The water elemental is almost destroyed.
* * * LOW HITPOINT WARNING * * *
Your lungs strain for air!
The water elemental hits you.
You completely miss the water elemental.
Your headbutt misses the water elemental.
The water elemental is almost destroyed.
* * * LOW HITPOINT WARNING * * *
Your lungs strain for air!
The water elemental hits you!
* * * LOW HITPOINT WARNING * * *
Drink which item? (? for menu, Esc to quit)
Okay, then.
Evoke which item? (* to show all) (? for menu, Esc to quit)
Zapping:
P - a wand of disintegration (8)
Press: ? - help, Shift-Dir - straight line, f - water elemental
Aim: a water elemental (almost destroyed, magic immune)
The water elemental is unaffected.
This wand has 7 charges left.
You die...

### ##≈≈# #≈≈≈≈# ## ≈≈≈≈≈≈#
####### #. ≈≈≈≈≈≈≈##
#.....# ###.
≈≈≈≈≈≈≈≈###.....# ##≈#.
≈≈≈≈≈≈≈≈≈##.....# ##≈≈≈.
≈≈≈≈≈≈≈≈≈≈#.....######≈≈≈≈.
≈≈≈≈≈≈≈≈≈E@[.......##≈≈≈≈≈≈
≈≈≈≈≈≈≈≈............≈≈≈≈≈≈≈
≈≈≈≈≈≈≈##..........#≈≈≈≈≈≈≈
≈≈≈≈≈≈# #############≈≈≈≈≈≈
#≈≈≈≈. ##≈≈≈≈≈ ...#. ##≈≈≈#
.. ##≈#≈ ##≈≈ ##≈≈≈


You could see a water elemental.

Vanquished Creatures
  A hydra (D:11)
  Urug (D:10)
  4 skeletal warriors
  An unseen horror (D:11)
  3 hill giants
  A cyclops (D:11)
  A yaktaur (D:11)
  2 centaur skeletons (D:11)
  2 trolls
  A trapdoor spider zombie (D:11)
  Sigmund (D:6)
  11 yaks
  2 water elementals
  A mottled dragon (D:11)
  A soldier ant (D:11)
  2 necrophages
  A sky beast (D:7)
  A phantom (D:11)
  2 black bears
  6 ogres
  5 orc warriors
  7 centaurs
  2 big kobolds
  4 giant frogs
  3 elf zombies (Ossuary)
  A wyvern skeleton (D:11)
  2 scorpions
  A water moccasin skeleton (D:11)
  4 wights (D:7)
  13 killer bees
  8 hounds
  4 crimson imps
  2 giant frog zombies
  2 centaur zombies
  A giant frog skeleton (D:7)
  9 orc wizards
  5 human zombies (Ossuary)
  10 orc priests
  3 jellies
  A quasit (D:10)
  3 iguanas
  5 worker ants
  A killer bee zombie (D:10)
  2 hound zombies (D:11)
  3 mummies (Ossuary)
  9 adders
  A shadow imp (D:6)
  An adder zombie (D:5)
  3 worms
  5 giant geckos
  47 orcs
  2 ball pythons
  7 bats
  4 giant cockroaches
  8 hobgoblins
  18 jackals
  18 kobolds
  5 quokkas
  A ball python skeleton (D:4)
  7 giant newts
  9 goblins
  A jackal skeleton (D:4)
  9 rats
301 creatures vanquished.

Vanquished Creatures (collateral kills)
  Maud (D:11)
  Snorg (D:12)
  Sonja (D:10)
  A skeletal warrior (D:11)
  Prince Ribbit (D:8)
  2 yaks (D:9)
  A water elemental (D:12)
  A hungry ghost (D:10)
  A hippogriff (D:10)
  An orc warrior (D:9)
  Blork the orc (D:6)
  3 centaur zombies (Ossuary)
  A crimson imp (D:5)
  2 orc priests (D:6)
  An orc wizard (D:10)
  An adder skeleton (D:9)
  3 orcs
  2 jackals (D:5)
25 creatures vanquished.

Vanquished Creatures (others)
  5 sheep (D:7)
5 creatures vanquished.

Grand Total: 331 creatures vanquished

Notes
Turn   | Place    | Note
--------------------------------------------------------------
     0 | D:1      | Geeful the Demonspawn Wanderer began the quest for the Orb.
     0 | D:1      | Geeful set off with: a +2 hand axe, Sif Muna's Handbook of Conjuration, the Catalogue of Summoning, a +0 robe, a bread ration
     0 | D:1      | Reached XP level 1. HP: 16/16 MP: 2/2
     1 | D:1      | Identified Sif Muna's Handbook of Conjuration
     1 | D:1      | Identified the Catalogue of Summoning
   412 | D:1      | Reached skill level 1 in Unarmed Combat
   436 | D:1      | Gained mutation: You have a pair of small horns on your head. [demonic ancestry]
   436 | D:1      | Reached XP level 2. HP: 13/22 MP: 3/3
  1149 | D:2      | Reached skill level 1 in Dodging
  1437 | D:2      | Reached XP level 3. HP: 25/28 MP: 4/4
  2410 | D:3      | Gained mutation: You are partially covered in yellow scales (AC +2). [demonic ancestry]
  2410 | D:3      | Reached XP level 4. HP: 15/34 MP: 5/5
  2871 | D:3      | Found a faded altar to an unknown god.
  3187 | D:3      | Gained mutation: A weak demonic guardian rushes to your aid. [demonic ancestry]
  3187 | D:3      | Reached XP level 5. HP: 10/40 MP: 6/6
  3232 | D:4      | Found a sand-covered staircase.
  3240 | Ossuary  | Entered an ossuary
  3508 | Ossuary  | Reached skill level 3 in Fighting
  3903 | Ossuary  | Gained mutation: You have a pair of horns on your head. [demonic ancestry]
  3903 | Ossuary  | Reached XP level 6. HP: 47/47 MP: 7/7
  4153 | Ossuary  | Gained mutation: You regenerate a little health from kills. [demonic ancestry]
  4153 | Ossuary  | Reached XP level 7. HP: 18/53 MP: 8/8
  4440 | Ossuary  | Identified a scroll of acquirement
  4486 | D:4      | Reached skill level 4 in Unarmed Combat
  4920 | D:4      | Found a shattered altar of Ashenzari.
  5252 | D:4      | Found a blossoming altar of Fedhas.
  5283 | D:5      | Entered Level 5 of the Dungeon
  5456 | D:5      | Got a pair of crude boots
  5462 | D:5      | Identified the +0 pair of boots "Jefal" {Regen+ Str+3 Int+2 Dex-4} (You found it on level 5 of the Dungeon)
  5541 | D:5      | Reached skill level 5 in Unarmed Combat
  5543 | D:5      | Gained mutation: You are mostly covered in yellow scales (AC +3). [demonic ancestry]
  5543 | D:5      | Reached XP level 8. HP: 59/61 MP: 9/9
  6019 | D:6      | Reached skill level 5 in Fighting
  6070 | D:6      | Found a shadowy altar of Dithmenos.
  6196 | D:6      | Noticed a troll
  6209 | D:6      | Killed a troll
  6498 | D:6      | Found an iron altar of Okawaru.
  6532 | D:6      | Noticed Sigmund
  6543 | D:6      | Killed Sigmund
  6543 | D:6      | Reached skill level 6 in Unarmed Combat
  6631 | D:6      | Noticed Blork the orc
  6640 | D:6      | Killed Blork the orc
  6869 | D:7      | Found a bloodstained altar of Trog.
  6952 | D:7      | Gained mutation: You regenerate health from kills. [demonic ancestry]
  6952 | D:7      | Reached XP level 9. HP: 67/67 MP: 10/10
  6984 | D:7      | Reached skill level 5 in Armour
  7035 | D:7      | Found Numanie's Armour Boutique.
  7126 | D:7      | Found a staircase to the Ecumenical Temple.
  7170 | Temple   | Entered the Ecumenical Temple
  7480 | D:7      | Reached skill level 5 in Dodging
  7576 | D:7      | Reached skill level 7 in Unarmed Combat
  7581 | D:7      | Found a shimmering altar of Xom.
  8025 | D:8      | Noticed Prince Ribbit
  8042 | D:8      | Killed Prince Ribbit
  8158 | D:8      | You fall through a shaft for 3 floors!
  8158 | D:11     | Noticed an unseen horror
  8170 | D:11     | Killed an unseen horror
  8170 | D:11     | Reached skill level 8 in Unarmed Combat
  8170 | D:11     | Reached XP level 10. HP: 45/76 MP: 11/11
  8229 | D:10     | Entered Level 10 of the Dungeon
  8413 | D:9      | Got a pair of faintly humming boots
  8424 | D:9      | Identified the +1 pair of boots "Otyrayw" {*Drain rElec Str+6} (You found it on level 9 of the Dungeon)
  8659 | D:9      | Found an opulent altar of Gozag.
  8801 | D:9      | Reached skill level 9 in Unarmed Combat
  9905 | D:11     | Noticed Maud
  9990 | D:11     | Reached XP level 11. HP: 37/85 MP: 12/12
 10070 | D:11     | Found a staircase to the Lair.
 10254 | D:11     | Noticed a skeletal warrior
 10320 | D:11     | Killed a skeletal warrior
 10465 | D:11     | Reached skill level 10 in Unarmed Combat
 10698 | D:11     | Noticed a skeletal warrior
 10719 | D:11     | Noticed a skeletal warrior
 10764 | Lair:1   | Entered Level 1 of the Lair of Beasts
 10764 | Lair:1   | Noticed a five-headed hydra
 10808 | D:10     | Killed a skeletal warrior
 10884 | D:11     | Noticed Urug
 10889 | D:11     | Noticed Sonja
 10918 | D:10     | Killed Urug
 10956 | D:10     | Killed Sonja
 11103 | D:11     | Noticed a hill giant
 11115 | D:11     | Killed a hill giant
 11149 | D:11     | Killed Maud
 11240 | D:11     | Noticed a skeletal warrior
 11277 | D:11     | Noticed a hill giant
 11284 | D:11     | Killed a skeletal warrior
 11292 | D:11     | Killed a hill giant
 11292 | D:11     | Reached skill level 11 in Unarmed Combat
 11349 | D:11     | Noticed a skeletal warrior
 11392 | D:11     | Killed a skeletal warrior
 11561 | D:11     | Noticed a five-headed hydra
 11573 | D:11     | Killed a five-headed hydra
 11573 | D:11     | Gained mutation: You regenerate a lot of health from kills. [demonic ancestry]
 11573 | D:11     | Reached XP level 12. HP: 61/95 MP: 13/13
 11689 | D:12     | Noticed Snorg
 11876 | D:12     | Drew Focus: Str increased to 16, Int decreased to 13
 11887 | D:12     | Killed Snorg
 11914 | D:12     | Drowned by a water elemental

Vault maps used:
D:1:      shiori_arrival_maze
D:2:      first_bread, minmay_misc_feat_enclosed, kennysheep_generic_room_3
D:3:      ecumenical_altar_2, minivault_24, st_stairs_8, minmay_vboxes
D:4:      lemuel_doored_altar, old_standard_altar, nicolae_ossuary_entry_ruins
D:6:      kennysheep_mini, grunt_dithmenos_smoke, uniq_sigmund,
          uniq_blork_the_orc
D:7:      kb_xom_exploding_sheep, kennysheep_mini_moat,
          minmay_temple_entry_glass, serial_shops, shop
D:8:      uniq_prince_ribbit1
D:9:      nicolae_gozag_seed_capital
D:11:     lair_0_dummy, uniq_urug, uniq_sonja, uniq_maud
D:12:     orc_0_dummy, uniq_kirke, uniq_psyche, uniq_snorg
Temple:   circular_temple_12
Ossuary:  ossuary_minmay_four_chambers

Action                   |  1- 3 |  4- 6 |  7- 9 | 10-12 || total
-------------------------+-------+-------+-------+-------++-------
Melee: Unarmed           |   272 |   249 |   533 |   597 ||  1651
 Fire: Blowgun           |       |       |    43 |    80 ||   123
Throw: Javelin           |    14 |     5 |       |    11 ||    30
Evoke: Wand              |     2 |     4 |    12 |    13 ||    31
       Fan of gales      |       |       |       |     1 ||     1
       Deck              |       |       |       |     2 ||     2
  Use: Scroll            |     7 |     4 |    11 |    10 ||    32
       Potion            |     4 |     1 |    10 |     6 ||    21
 Stab: Distracted        |       |     3 |     1 |     6 ||    10
  Eat: Chunk             |     5 |     3 |    14 |    13 ||    35
       Fruit             |       |     2 |       |       ||     2
       Beef jerky        |       |     1 |       |     1 ||     2
